 Dungeon Sprint DCSS version 0.17.2-1-ge4368a0 (webtiles) character file.

89 Goblin1989 the Covert (level 4, -1/20 (22) HPs)
             Began as a Spriggan Assassin on Mar 31, 2017.
             Slain by a necrophage (6 damage)
             ... in the Dungeon (Sprint II: "The Violet Keep of Menkaure").
             The game lasted 00:00:17 (11 turns).

Goblin1989 the Covert (Spriggan Assassin)             Turns: 11, Time: 00:00:17

HP:   -1/20 (22)    AC:  3    Str:  7    XL:     4   Next: 31%
MP:   5/5           EV: 17    Int: 12    God:
Gold: 0             SH:  0    Dex: 18    Spells: 0 memorised, 3 levels left

rFire  . . .     SeeInvis +     a - +2 dagger
rCold  . . .     Clarity  .     c - +0 robe
rNeg   . . .     SustAt   .     (shield restricted)
rPois  .         Gourm    .     (helmet restricted)
rElec  .         Spirit   .     d - +0 cloak
rCorr  .         Warding  .     (gloves unavailable)
rMut   .         NoTele   +     (boots unavailable)
MR     .....                    (no amulet)
Stlth  +++++++...               (no ring)
                                (no ring)

@: very quick, not resistant to hostile enchantments, extremely stealthy
A: unfitting armour, see invisible, herbivore 3, speed 3, slow metabolism 2
a: no special abilities


You were in the Dungeon.
You were not hungry.

You visited 1 branch

Inventory:

Hand Weapons
 a - a +2 dagger (weapon)
 w - a +0 blowgun {@w1}
Missiles
 f - 2 curare-tipped needles
 g - 8 poisoned needles
Armour
 c - a +0 robe (worn)
 d - a +0 cloak (worn)
Scrolls
 B - a scroll of blinking
Potions
 h - a potion of curing {@q1}
 i - a potion of heal wounds
 j - a potion of haste
 k - 2 potions of magic
 l - a potion of berserk rage
Comestibles
 e - a bread ration {@e1}


   Skills:
 - Level 1.5 Fighting
 - Level 2.1 Short Blades
 - Level 2.0 Throwing
 - Level 1.5 Dodging
 + Level 13.8 Stealth


You had 3 spell levels left.
You didn't know any spells.

Dungeon Overview and Level Annotations

Branches:
Dungeon (1/1)

Altars:


Innate Abilities, Weirdness & Mutations

You are tiny and cannot use many weapons and most armour.
You have supernaturally acute eyesight.
You are a herbivore.
You cover ground extremely quickly.
You need consume almost no food.


Message History

w - a +0 blowgun;
e - a bread ration;
g - 8 poisoned needles
B - a scroll of blinking Welcome, Goblin1989 the Spriggan Assassin.
Press ? for a list of commands and other information.
Found a staircase leading out of the dungeon.
You open the door. 4 necrophages come into view.
There is an open door here.
The helpless necrophage fails to defend itself.
You impale the necrophage!!
You destroy the necrophage!
Your Stealth skill gained 8 levels and is now at level 13!
You have reached level 2!
You have reached level 3!
Your experience leads to an increase in your attributes!
Increase (S)trength, (I)ntelligence, or (D)exterity?
You feel agile.
You have reached level 4!
The necrophage completely misses you.
Health restored: 22; MP restored: 5 The necrophage hits you.
You take 6 damage, and have 16/22 hp.
MASSIVE DAMAGE!!
You hit the necrophage.
The necrophage is lightly damaged.
The necrophage hits you. The necrophage barely misses you.
You take 2 damage, and have 14/22 hp.
You hit the necrophage.
The necrophage is moderately damaged.
The necrophage closely misses you. x2
You hit the necrophage.
The necrophage is moderately damaged.
The necrophage hits you!
* * * LOW HITPOINT WARNING * * *
Your flesh rots away! x2
The necrophage closely misses you.
You take 8 damage, and have 6/20 hp.
MASSIVE DAMAGE!!
You hit the necrophage.
The necrophage is severely damaged.
The necrophage hits you.
* * * LOW HITPOINT WARNING * * *
You take 1 damage, and have 5/20 hp.
You closely miss the necrophage.
The necrophage is severely damaged.
The necrophage hits you.
You die... ███ ██n███▲█

█@nn██.██
▲██$∆.<.▲
█...██.██
██.███▲█
██


You could see 3 necrophages.

Vanquished Creatures
  A necrophage (D)
1 creature vanquished.

Notes
Turn   | Place    | Note
--------------------------------------------------------------
     0 | D        | Goblin1989 the Spriggan Assassin began the quest for the Orb.
     0 | D        | Reached XP level 1. HP: 10/10 MP: 2/2
     1 | D        | Noticed a necrophage
     1 | D        | Noticed a necrophage
     1 | D        | Noticed a necrophage
     1 | D        | Noticed a necrophage
     4 | D        | Killed a necrophage
     4 | D        | Reached skill level 13 in Stealth
     4 | D        | Reached XP level 2. HP: 14/14 MP: 3/3
     4 | D        | Reached XP level 3. HP: 18/18 MP: 4/4
     4 | D        | Reached XP level 4. HP: 22/22 MP: 5/5
    11 | D        | Slain by a necrophage

Action                   |  1- 3 |  4- 6 || total
-------------------------+-------+-------++-------
Melee: Dagger            |     1 |     5 ||     6
 Stab: Sleeping          |     1 |       ||     1

Vault maps used:
D:        the_violet_keep_of_menkaure
